Map: Deathaura LE

Players

TLHarstem (Harstem)

  • Race: Protoss Protoss
  • League: Master
  • Spawn Location: 11:00

MaxPax - Winner!

  • Race: Protoss Protoss
  • League: Grandmaster
  • Spawn Location: 5:00

Event: DreamHack SC2 Masters 2020 Winter

VOD

Have the link to the VOD?

Description

Time

  • Played on: Nov. 1, 2020, 11:12 a.m.
  • Length: 6:18

All games in this series

Show
View Real Time Build Order
Export as new Build Order

TLHarstem Protoss 

Build Orders:  

Get SALT Encoding   

  12  0:00  Probe  
  13  0:12  Probe  
  14  0:17  Pylon  
  14  0:24  Probe  
  15  0:35  Gateway  
  15  0:37  Probe (Chrono Boost)  
  16  0:47  Assimilator, Probe (Chrono Boost)  
  17  0:52  Probe (Chrono Boost)  
  17  0:55  Assimilator  
  18  1:03  Probe  
  19  1:09  Gateway  
  19  1:16  Probe  
  20  1:23  Cybernetics Core  
  20  1:28  Probe  
  21  1:39  Pylon  
  21  1:41  Probe  
  22  1:53  Probe  
  23  1:57  Warp Gate (Chrono Boost)  
  23  1:59  Adept x2  
  27  2:03  Pylon  
  27  2:05  Probe  
  28  2:17  Probe  
  33  2:31  Sentry  
  30  2:39  Probe  
  30  2:41  Sentry  
  33  2:51  Probe  
  34  2:58  Pylon, Sentry  
  36  3:03  Probe  
  36  3:05  Nexus  
  37  3:15  Probe  
  37  3:19  Shield Battery  
  38  3:27  Probe  
  39  3:37  Shield Battery  
  39  3:38  Stalker x2  
  39  3:39  Probe  
  44  3:42  Stalker x2, Twilight Council  
  44  3:51  Probe  
  45  4:01  Stalker, Shield Battery  
  47  4:11  Pylon  
  47  4:12  Blink (Chrono Boost)  
  47  4:13  Shield Battery  
  47  4:16  Stalker, Probe  
  50  4:17  Probe  
  51  4:28  Probe  
  52  4:34  Stalker  
  52  4:36  Probe  
  55  4:40  Probe (Chrono Boost)  
  56  4:47  Stalker  
  56  4:49  Probe (Chrono Boost)  
  56  4:51  Pylon  
  60  4:53  Probe (Chrono Boost)  
  61  5:00  Probe (Chrono Boost)  
  61  5:06  Pylon  
  61  5:08  Shield Battery  
  61  5:11  Assimilator  
  59  5:15  Shield Battery  
  59  5:16  Stalker x2  
  59  5:20  Probe  
  61  5:21  Probe  
  62  5:32  Probe  
  62  5:34  Probe  
  64  5:40  Stalker x2  
  66  5:44  Probe (Chrono Boost)  
  68  5:50  Probe (Chrono Boost)  
  68  5:53  Forge  
  68  5:55  Probe (Chrono Boost)  
  69  6:00  Probe x2 (Chrono Boost)  
  69  6:03  Pylon  
Show
View Real Time Build Order
Export as new Build Order

MaxPax Protoss - Winner!

Build Orders: Oracle Opening 

Get SALT Encoding   

  12  0:00  Probe  
  13  0:12  Probe  
  14  0:16  Pylon  
  14  0:24  Probe  
  15  0:35  Gateway  
  15  0:36  Probe (Chrono Boost)  
  16  0:46  Assimilator, Probe (Chrono Boost)  
  17  0:51  Probe (Chrono Boost)  
  18  0:58  Assimilator  
  18  1:03  Probe (Chrono Boost)  
  19  1:09  Gateway  
  19  1:15  Probe (Chrono Boost)  
  20  1:21  Probe (Chrono Boost)  
  20  1:24  Cybernetics Core  
  21  1:29  Probe  
  22  1:35  Pylon  
  22  1:41  Probe  
  23  1:53  Probe  
  24  2:00  Adept x2  
  28  2:01  Warp Gate  
  28  2:06  Probe  
  29  2:10  Pylon  
  29  2:22  Pylon  
  29  2:23  Shield Battery  
  29  2:30  Adept x2  
  33  2:41  Stargate  
  33  3:02  Nexus  
  33  3:12  Probe  
  34  3:24  Probe, Oracle (Chrono Boost)  
  38  3:28  Shield Battery  
  36  3:35  Pylon  
  36  3:40  Probe  
  37  3:47  Twilight Council  
  37  3:52  Probe  
  37  3:53  Adept x2  
  42  3:58  Oracle (Chrono Boost)  
  45  4:05  Probe  
  46  4:14  Probe  
  47  4:17  Probe  
  48  4:26  Probe  
  48  4:30  Probe  
  50  4:35  Dark Shrine  
  50  4:38  Probe  
  50  4:42  Stalker, Gateway, Probe  
  54  4:49  Stalker  
  56  4:54  Probe x2  
  56  4:56  Assimilator  
  58  5:06  Probe  
  59  5:08  Gateway  
  59  5:18  Probe  
  59  5:21  Stalker  
  58  5:23  Probe  
  57  5:30  Pylon, Probe  
  57  5:31  Forge  
  58  5:35  Probe  
  55  5:43  Probe  
  55  5:46  Assimilator  
  55  5:47  Dark Templar  
  55  5:49  Shield Battery  
  58  5:53  Dark Templar  
  58  5:54  Probe  
  61  5:57  Probe  
  61  6:00  Stalker  
  64  6:06  Stalker, Pylon  
Tags
 
Add a new tag
Caveats
  • Supply blocks, unpowered buildings, or Contaminate may cause inaccurate times.
  • Supply counts are checked every 10 seconds.